 Dungeon Crawl Stone Soup version 0.25-a0-860-gf695395b5c (webtiles) character file.

Game seed: 11432704581716663479, levelgen mode: deterministic

1452 Morrissey the Ruffian (level 8, -10/80 HPs)
             Began as a Troll Earth Elementalist on Apr 27, 2020.
             Was an Initiate of Okawaru.
             Killed from afar by Maggie (31 damage)
             ... with a bolt of fire
             ... on level 6 of the Dungeon.
             The game lasted 00:13:05 (5295 turns).

Morrissey the Ruffian (Troll Earth Elementalist)    Turns: 5295, Time: 00:13:05

Health: -10/80     AC:  7    Str: 17    XL:     8   Next: 47%
Magic:  8/8        EV: 11    Int: 11    God:    Okawaru [......]
Gold:   324        SH:  0    Dex: 12    Spells: 8/9 levels left

rFire    . . .     SeeInvis .     - Unarmed
rCold    . . .     Gourm    +   (no shield)
rNeg     + . .     Faith    .   e - +1 robe {rN+}
rPois    .         Spirit   .   (helmet restricted)
rElec    .         Reflect  .   (no cloak)
rCorr    .         Harm     .   (gloves unavailable)
MR       .....                  (boots unavailable)
Stlth    +++.......             (no amulet)
HPRegen  0.63/turn              h - ring of stealth
MPRegen  0.11/turn              (no ring)

@: mighty, mesmerised
A: large, unfitting armour, claws 3, fast metabolism 3, gourmand, regeneration
1, shaggy fur 1, tough skin 3
a: Renounce Religion


You were on level 6 of the Dungeon.
You worshipped Okawaru.
Okawaru was noncommittal.
You were very full.

You visited 1 branch of the dungeon, and saw 6 of its levels.

You collected 324 gold pieces.

Inventory:

Missiles
 b - 95 stones (quivered)
Armour
 e - a +1 robe of positive energy (worn)
Jewellery
 h - a ring of stealth (left claw)
 l - an uncursed ring of ice
Scrolls
 a - 3 scrolls of remove curse {unknown}
 c - a scroll of noise {unknown}
 f - 2 scrolls of random uselessness {unknown}
 g - 7 scrolls of identify {unknown}
 j - 5 scrolls of teleportation {unknown}
 k - a scroll of enchant armour {unknown}
 m - 2 scrolls of fear {unknown}
 n - a scroll of magic mapping {unknown}
 r - 2 scrolls of fog {unknown}
 u - a scroll of immolation {unknown}
 v - a scroll of amnesia {unknown}
Potions
 i - a potion of magic {unknown}
 o - a potion of might
 p - a potion of lignification {unknown}
 q - a potion of invisibility {unknown}
 s - a potion of heal wounds {unknown}
 t - a potion of degeneration {unknown}
 w - a potion of stabbing {unknown}
 x - a potion of ambrosia {unknown}
 z - a potion of cancellation {unknown}
Comestibles
 d - 18 rations


   Skills:
 * Level 5.1 Fighting
 + Level 4.0 Dodging
 - Level 1.0 Stealth
 * Level 6.2 Unarmed Combat
 - Level 1.2 Spellcasting
   Level 0.6 Transmutations
 + Level 3.8 Earth Magic


You had 8 spell levels left.
You knew the following spells:

 Your Spells              Type           Power        Failure   Level  Hunger
a - Sandblast             Erth           #.....       7%          1    ##.....

Your spell library contained the following spells:

 Spells                   Type           Power        Failure   Level  Hunger
 Passwall                 Tmut/Erth      #.......     19%         2    ###....
 Stone Arrow              Conj/Erth      #.....       41%         3    ####...
 Petrify                  Tmut/Erth      #.......     77%         4    #####..
 Lee's Rapid Deconstruct  Erth           #.........   88%         5    ######.


Dungeon Overview and Level Annotations

Branches:
Dungeon (6/15)
 Temple: D:4-7

Altars:
Fedhas
Gozag
Nemelex Xobeh
Okawaru
Sif Muna
Wu Jian
Zin

Shops:
D:5 [

Annotations:
D:6 Maggie, Sigmund


Innate Abilities, Weirdness & Mutations

You are too large for most types of armour.
You have claws for hands.
Your metabolism is lightning-fast.
You like to eat raw meat.
Your natural rate of healing is unusually fast.
You are covered in fur. (AC +1)
You have extremely tough skin. (AC +3)


Message History

Maggie is moderately wounded.
Maggie hits you with a +0 morningstar of holy wrath!
* * * LOW HITPOINT WARNING * * *
It was a potion of might.
You feel very mighty all of a sudden. Maggie barely misses you.
You scratch Maggie but do no damage.
Maggie is moderately wounded.
Maggie hits you but does no damage.
You claw Maggie!
Maggie is heavily wounded.
You completely miss Maggie.
Maggie is heavily wounded.
Maggie gestures wildly while chanting.
Maggie draws you further into her thrall.
You mangle Maggie!!
Maggie is almost dead.
Maggie points at you and mumbles some strange words.
The bolt of fire hits you!!
You die...

###.## . #....# ..##....##
#### #........# ######..##
#........####..#.....#
.....#..@.....##.....#.###
.....#....#...###....#...#
#.........#.......##....##
#............@@...##..###
.............###...##...#
.#.................###..## #
.#................####.##...#
#.............#.............#
#......##.#...#......#......#
#......##.#...#......#.##.###
.....[....#........##### ##
............###.##.#


You could see Maggie.

Vanquished Creatures
  Prince Ribbit (D:4)
  2 phantoms
  An ogre (D:4)
  A gnoll sergeant (D:3)
  A scorpion (D:5)
  3 wights (D:6)
  2 crimson imps
  A howler monkey (D:5)
  Crazy Yiuf (D:2)
  A bullfrog skeleton (D:4)
  A hound (D:5)
  Natasha (thrice) (D:2)
  An iguana (D:4)
  5 worker ants
  A killer bee zombie (D:6)
  3 hound skeletons
  Robin (D:3)
  10 gnolls
  7 adders
  A shadow imp (D:4)
  2 worms (D:4)
  3 dart slugs
  4 leopard geckos
  23 orcs
  5 bats
  6 giant cockroaches
  14 goblins
  7 hobgoblins
  3 jackals (D:3)
  4 kobolds
  3 quokkas
  2 ball pythons
  4 frilled lizards
  A giant cockroach zombie (D:5)
  3 rats
131 creatures vanquished.

Notes
Turn   | Place    | Note
-------+----------+-------------------------------------------
     0 | D:1      | Morrissey the Troll Earth Elementalist began the quest for
                  | the Orb.
     0 | D:1      | Reached XP level 1. HP: 16/16 MP: 1/1
   222 | D:1      | Reached XP level 2. HP: 26/26 MP: 2/2
   337 | D:1      | Reached skill level 1 in Unarmed Combat
   632 | D:2      | Noticed Natasha
   644 | D:2      | Reached skill level 1 in Fighting
   644 | D:2      | Reached XP level 3. HP: 28/33 MP: 3/3
   654 | D:2      | Killed Natasha
   750 | D:2      | Reached skill level 2 in Unarmed Combat
   802 | D:2      | Noticed Natasha
   815 | D:2      | Killed Natasha
   815 | D:2      | Reached XP level 4. HP: 36/42 MP: 4/4
   823 | D:2      | Noticed Natasha
   832 | D:2      | Killed Natasha
  1211 | D:2      | Found a runed translucent door.
  1212 | D:2      | Noticed Crazy Yiuf
  1313 | D:2      | Found a shimmering blue altar of Sif Muna.
  1356 | D:2      | Killed Crazy Yiuf
  1356 | D:2      | Reached XP level 5. HP: 49/49 MP: 5/5
  1507 | D:3      | Reached skill level 3 in Unarmed Combat
  1791 | D:3      | Noticed Robin
  1945 | D:3      | Killed Robin
  2225 | D:3      | Found a faded altar of an unknown god.
  2345 | D:3      | Reached XP level 6. HP: 22/59 MP: 6/6
  2756 | D:4      | Reached skill level 4 in Unarmed Combat
  2946 | D:4      | Reached XP level 7. HP: 38/68 MP: 4/7
  3336 | D:4      | Found an opulent altar of Gozag.
  3336 | D:4      | Found a glowing silver altar of Zin.
  3826 | D:4      | Reached skill level 5 in Unarmed Combat
  3875 | D:5      | Entered Level 5 of the Dungeon
  3884 | D:5      | Found Fics's Antique Armour Emporium.
  4255 | D:5      | Noticed Prince Ribbit
  4373 | D:4      | Killed Prince Ribbit
  4373 | D:4      | Reached XP level 8. HP: 11/79 MP: 8/8
  4831 | D:5      | Found an iron altar of Okawaru.
  4834 | D:5      | Found an ornate altar of the Wu Jian Council.
  4851 | D:5      | Found a blossoming altar of Fedhas.
  4860 | D:5      | Found a sparkling altar of Nemelex Xobeh.
  4867 | D:5      | Became a worshipper of Warmaster Okawaru
  4974 | D:6      | Noticed Maggie
  5045 | D:6      | Noticed Sigmund
  5050 | D:6      | Reached skill level 5 in Fighting
  5050 | D:6      | Reached skill level 6 in Unarmed Combat
  5295 | D:6      | Killed from afar by Maggie

Levels and vault maps discovered:
D:1:      ncdulo_halloftheorcs, layout_basic
D:2:      layout_loops_ring, lemuel_blue_sif_altar, first_ration,
          minmay_close_crescents, uniq_natasha, uniq_crazy_yiuf_cottage
D:3:      minmay_chambers_of_threes, layout_basic,
          chequers_ecumenical_altar_grove, dk_vineyard_1, uniq_robin
D:4:      layout_basic, grunt_temple_overflow_gold_and_silver
D:5:      layout_rooms, grunt_temple_overflow_cloverleaf, serial_shops, shop,
          uniq_prince_ribbit1
D:6:      layout_cave_pools, uniq_sigmund, uniq_maggie

Skill      XL: |  1  2  3  4  5  6  7  8 |
---------------+-------------------------+-----
Unarmed Combat | 1 2 3 4 5 6 |  6.2
Fighting       | 1 2 3 4 5 |  5.1
Dodging        | 2 3 4 |  4.0
Earth Magic    | 3 |  3.8
Stealth        | |  1.0
Spellcasting   | |  1.2
Transmutations | |  0.6

Action                   |  1- 3 |  4- 6 |  7- 9 || total
-------------------------+-------+-------+-------++-------
Melee: Unarmed           |    82 |   206 |   207 ||   495
       Punch             |     1 |     3 |     2 ||     6
 Cast: Sandblast         |       |     2 |     7 ||     9
  Use: Potion            |       |       |     1 ||     1
 Stab: Sleeping          |     5 |     2 |     4 ||    11
  Eat: Chunk             |    13 |    19 |    22 ||    54
Armor: Robe              |    23 |    70 |    49 ||   142
Dodge: Dodged            |    45 |   114 |   106 ||   265

Table legend:
 A = Non-vault XP
 B = Vault XP
 C = Vault XP percentage of total XP
 D = Non-vault monster count
 E = Vault monster count
 F = Vault count percentage of total count
                 A         B        C        D         E       F
            +---------+---------+-------+---------+---------+-------
      Total |    1570 |     505 |  24.3 |     101 |      30 |  22.9
            +---------+---------+-------+---------+---------+-------
        D:1 |      23 |       0 |   0.0 |      11 |       0 |   0.0
        D:2 |     115 |      96 |  45.5 |      13 |      12 |  48.0
        D:3 |     131 |     145 |  52.5 |      19 |      17 |  47.2
        D:4 |     593 |     264 |  30.8 |      29 |       1 |   3.3
        D:5 |     317 |       0 |   0.0 |      18 |       0 |   0.0
        D:6 |     391 |       0 |   0.0 |      11 |       0 |   0.0
            +---------+---------+-------+---------+---------+-------
